 Dungeon Crawl Stone Soup version 0.24-a0-584-g9d6b971 (webtiles) character file.

Game seed: 2022358792868914428, levelgen mode: deterministic

189 Chaoticas the Slasher (level 5, -6/41 HPs)
             Began as a Demonspawn Fighter on Aug 30, 2019.
             Was an Initiate of Makhleb.
             Killed by nerve-wracking pain
             ... invoked by an orc priest
              (12 damage)
             ... on level 3 of the Dungeon.
             The game lasted 00:08:00 (3130 turns).

Chaoticas the Slasher (Demonspawn Fighter)          Turns: 3130, Time: 00:08:01

Health: -6/41      AC:  6    Str: 17    XL:     5   Next: 40%
Magic:  0/5        EV:  6    Int:  9    God:    Makhleb [......]
Gold:   113        SH:  8    Dex: 13    Spells: 4/4 levels left

rFire    . . .     SeeInvis .   a - +0 long sword
rCold    . . .     Gourm    .   c - +0 shield
rNeg     . . .     Faith    .   b - +0 scale mail
rPois    .         Spirit   +   (no helmet)
rElec    .         Reflect  .   i - scarf {Spirit}
rCorr    .         Harm     .   (no gloves)
MR       .....                  (no boots)
Stlth    ..........             (no amulet)
HPRegen  0.13/turn              (no ring)
MPRegen  0.09/turn              (no ring)

@: no status effects
A: powered by pain 1
a: Renounce Religion


You were on level 3 of the Dungeon.
You worshipped Makhleb.
Makhleb was noncommittal.
You were very hungry.

You visited 1 branch of the dungeon, and saw 3 of its levels.

You collected 113 gold pieces.

Inventory:

Hand Weapons
 a - a +0 long sword (weapon)
 m - a +1 whip of pain
   (You found it on level 3 of the Dungeon)
Armour
 b - a +0 scale mail (worn)
 c - a +0 shield (worn)
 i - a scarf of spirit shield (worn)
   (You found it on level 3 of the Dungeon)
Jewellery
 j - an uncursed amulet of rage {unknown}
   (You found it on level 1 of the Dungeon)
Scrolls
 f - a scroll of teleportation {@r4}
 o - a scroll of enchant weapon {unknown}
Potions
 d - a potion of might
 g - a potion of flight {unknown}
 h - 3 potions of curing {unknown}
 k - 2 potions of heal wounds {unknown}
 l - a potion of lignification {unknown}
 n - a potion of invisibility {unknown}
Comestibles
 e - 5 rations {!d}


   Skills:
 - Level 3.0 Fighting
 * Level 5.2 Long Blades
 - Level 2.6 Armour
 - Level 2.6 Shields


You had 4 spell levels left.
You didn't know any spells.
Your spell library contained the following spells:

 Spells                   Type           Power        Failure   Level  Hunger
 Animate Skeleton         Necr           N/A          100%        1    ##.....
 Pain                     Necr           #...         100%        1    ##.....
 Regeneration             Chrm/Necr      #.........   100%        3    ####...
 Vampiric Draining        Necr           #.........   100%        3    ####...
 Animate Dead             Necr           N/A          100%        4    #####..


Dungeon Overview and Level Annotations

Branches:
Dungeon (3/15)

Altars:
Makhleb


Innate Abilities, Weirdness & Mutations

You sometimes gain a little power by taking damage.


Message History

There is an escape hatch in the floor here.
You are feeling very hungry.
As you open the door, it creaks loudly!
There is an open door here.
There is a stone staircase leading down here.
There is an open door here.
There is an open door here.
There is an open door here.
An orc priest comes into view. It is wielding a +0 quarterstaff.
The orc priest shouts!
The orc priest hits you with a +0 quarterstaff.
You hit the orc priest.
The orc priest hits you with a +0 quarterstaff!
You closely miss the orc priest.
The orc priest hits you with a +0 quarterstaff.
You hit the orc priest.
The orc priest looks encouraged for a moment.
You closely miss the orc priest.
The orc priest hits you but does no damage.
You hit the orc priest. The orc priest barely misses you.
You riposte.
You barely miss the orc priest. You barely miss the orc priest.
The orc priest hits you but does no damage. x2
You hit the orc priest but do no damage.
The orc priest hits you with a +0 quarterstaff.
You hit the orc priest. You block the orc priest's attack.
You closely miss the orc priest.
The orc priest hits you but does no damage.
You hit the orc priest.
The orc priest hits you with a +0 quarterstaff!
You hit the orc priest but do no damage.
The orc priest barely misses you.
You barely miss the orc priest.
The orc priest calls down the wrath of Beogh upon you.
Beogh smites you!
* * * LOW HITPOINT WARNING * * *
You closely miss the orc priest.
The orc priest calls down the wrath of Beogh upon you.
Pain shoots through your body!
* * * LOW HITPOINT WARNING * * *
You block the orc priest's attack.
You hit the orc priest but do no damage.
The orc priest hits you but does no damage.
You hit the orc priest but do no damage.
The orc priest looks satisfied for a moment.
You closely miss the orc priest. You block the orc priest's attack.
You closely miss the orc priest.
The orc priest invokes the aid of Beogh against you.
Pain shoots through your body!
You die...

#..##...............##
#..##########.#####..#
#..# #........#
#..#################.##
#.......#.......# #..##
##÷####.#.####.## ##...
#.####.#.# #.# #..#
#....o.#.####.## #..#
############@........#
#..#
#.........##.........#
#...
#.........##.........#
#.#.
#.........####'####.##
#.#. #.........# #.# #.#
#.#.
#.........####'####.#
#.#.
#.........#......##.#
#.##
####.........#......##.#
###.##
#.÷.................##.#
#.....


You could see an orc priest.

Vanquished Creatures
  An orc priest (D:3)
  2 orc wizards (D:3)
  2 adders (D:3)
  An ooze (D:3)
  A worm (D:3)
  4 dart slugs
  A leopard gecko (D:1)
  5 orcs (D:3)
  3 giant cockroaches
  9 goblins
  14 hobgoblins
  6 jackals
  3 kobolds
  A quokka (D:3)
  A ball python (D:1)
  3 bats (D:1)
  3 frilled lizards (D:1)
  5 rats
65 creatures vanquished.

Notes
Turn   | Place    | Note
-------+----------+-------------------------------------------
     0 | D:1      | Chaoticas the Demonspawn Fighter began the quest for the
                  | Orb.
     0 | D:1      | Reached XP level 1. HP: 18/18 MP: 1/1
    10 | D:1      | Reached skill level 2 in Long Blades
    50 | D:1      | Gained mutation: You sometimes gain a little power by
                  | taking damage. [demonic ancestry]
    50 | D:1      | Reached XP level 2. HP: 12/24 MP: 2/2
   431 | D:1      | Reached skill level 3 in Long Blades
   544 | D:1      | Reached XP level 3. HP: 26/29 MP: 3/3
  1611 | D:3      | Reached XP level 4. HP: 35/35 MP: 4/4
  1612 | D:3      | Reached skill level 4 in Long Blades
  2584 | D:3      | Reached XP level 5. HP: 14/41 MP: 1/5
  2586 | D:3      | Reached skill level 5 in Long Blades
  2839 | D:3      | Found a burning altar of Makhleb.
  2844 | D:3      | Became a worshipper of Makhleb the Destroyer
  3130 | D:3      | Killed from afar by an orc priest

Levels and vault maps discovered:
D:1:      psy_arrival_whirlpool, layout_basic, minmay_tiny_reverse_x
D:2:      layout_rooms
D:3:      layout_basic, bloody_makhleb

Skill      XL: |  1  2  3  4  5 |
---------------+----------------+-----
Long Blades    | 2 3 4 5 |  5.2
Fighting       | |  3.0
Armour         | |  2.6
Shields        | |  2.6

Action                   |  1- 3 |  4- 6 || total
-------------------------+-------+-------++-------
Melee: Long sword        |   164 |    83 ||   247
  Use: Scroll            |       |     2 ||     2
  Eat: Chunk             |     3 |     3 ||     6
Armor: Scale mail        |    85 |    18 ||   103
Dodge: Dodged            |    47 |    27 ||    74
Block: Shield            |    77 |    22 ||    99
       Rpst.: Long sword |    17 |    10 ||    27

Table legend:
 A = Non-vault XP
 B = Vault XP
 C = Vault XP percentage of total XP
 D = Non-vault monster count
 E = Vault monster count
 F = Vault count percentage of total count
                 A         B        C        D         E       F
            +---------+---------+-------+---------+---------+-------
      Total |     268 |       3 |   1.1 |      63 |       2 |   3.1
            +---------+---------+-------+---------+---------+-------
        D:1 |      62 |       3 |   4.6 |      34 |       2 |   5.6
        D:2 |      15 |       0 |   0.0 |       7 |       0 |   0.0
        D:3 |     191 |       0 |   0.0 |      22 |       0 |   0.0
            +---------+---------+-------+---------+---------+-------
